 Dungeon Crawl Stone Soup version 0.17-a0-1987-gaf5a542 (webtiles) character file.

128 Geeful the Magician (level 5, -2/42 HPs)
             Began as a Naga Wizard on Oct 6, 2015.
             Slain by an orc
             ... wielding a +0 hand axe
              (4 damage)
             ... on level 3 of the Dungeon.
             The game lasted 00:11:23 (3770 turns).

Geeful the Magician (Naga Wizard)                   Turns: 3770, Time: 00:11:23

Health: -2/42      AC:  3    Str:  9    XL:     5   Next: 11%
Magic:  8/10       EV: 10    Int: 19    God:
Gold:   135        SH:  0    Dex: 10    Spells: 4 memorised, 3 levels left

rFire  . . .     SeeInvis +     p - +0 war axe
rCold  . . .     Clarity  .     a - +0 robe
rNeg   . . .     SustAt   .     (no shield)
rPois  +         Gourm    .     j - +0 helmet (curse)
rElec  .         Spirit   .     (no cloak)
rCorr  .         Warding  .     (no gloves)
rMut   .         Stasis   .     (no barding)
MR     .....                    (no amulet)
Stlth  ++........               (no ring)
                                (no ring)

@: repel missiles, invisible, very slow, not resistant to hostile enchantments,
unstealthy
A: see invisible, deformed body, poison resistance, slowness 2, slow metabolism
1, spit poison 2, AC +1
a: Spit Poison


You were on level 3 of the Dungeon.
You were not hungry.

You visited 1 branch of the dungeon, and saw 3 of its levels.

You collected 135 gold pieces.

Inventory:

Hand Weapons
 e - a +0 hand axe
 p - a +0 war axe (weapon)
Missiles
 n - 24 poisoned needles
Armour
 a - a +0 robe (worn)
 b - a +0 hat
 j - a cursed +0 helmet (worn)
Wands
 t - a wand of flame (39)
Scrolls
 f - 2 scrolls of teleportation
 h - a scroll of fear {unknown}
 i - a scroll of magic mapping {unknown}
 l - a scroll of recharging {unknown}
 o - a scroll of remove curse {unknown}
Potions
 v - a potion of brilliance
Books
 c - a book of Minor Magic

   Spells                             Type                      Level
   a - Magic Dart                     Conjuration                  1
   b - Blink                          Translocation                2
   c - Call Imp                       Summoning                    2
   d - Repel Missiles                 Charms/Air                   2
   e - Slow                           Hexes                        2
   f - Conjure Flame                  Conjuration/Fire             3
   g - Mephitic Cloud                 Conjuration/Poison/Air       3
 q - a book of Clouds

   Spells                             Type                      Level
   a - Mephitic Cloud                 Conjuration/Poison/Air       3
   b - Conjure Flame                  Conjuration/Fire             3
   c - Poisonous Cloud                Conjuration/Poison/Air       6
   d - Freezing Cloud                 Conjuration/Ice/Air          6
   e - Ring of Flames                 Charms/Fire                  7
Comestibles
 d - 2 bread rations
 g - 2 meat rations
 k - 4 chunks of flesh
 m - a royal jelly
 r - a beef jerky


   Skills:
 - Level 2.0 Dodging
 - Level 3.4 Stealth
 + Level 3.7 Spellcasting
 + Level 2.8 Conjurations
 - Level 1.0 Summonings
   Level 1.0 Translocations
 + Level 1.9 Air Magic


You had 3 spell levels left.
You knew the following spells:

 Your Spells              Type           Power        Failure   Level  Hunger
a - Magic Dart            Conj           ##..         6%          1    None
b - Mephitic Cloud        Conj/Pois/Air  #.......     21%         3    ###....
c - Call Imp              Summ           #.......     17%         2    ##.....
d - Repel Missiles        Chrm/Air       #.....       17%         2    ##.....


Dungeon Overview and Level Annotations

Branches:
Dungeon (3/15)

Altars:


Innate Abilities, Weirdness & Mutations

You cannot wear boots.
Your serpentine skin is tough (AC +1).
You have supernaturally acute eyesight.
Armour fits poorly on your strangely shaped body.
Your system is resistant to poisons.
You cover ground very slowly.
You have a slow metabolism.
You can spit poison.


Message History

The orc wizard hits you but does no damage.
The orc hits you with a hand axe.
The orc wizard hits you but does no damage.
The orc closely misses you.
You hit the orc.
The orc is moderately wounded.
You closely miss the orc wizard.
The orc wizard is heavily wounded.
The orc wizard hits you but does no damage.
The orc wizard barely misses you. The orc barely misses you.
The orc wizard gestures at you while chanting.
The puff of frost hits you!
* * * LOW HITPOINT WARNING * * *
The orc hits you but does no damage. The orc wizard hits you with a dagger.
* * * LOW HITPOINT WARNING * * *
Drink which item? (? for menu, Esc to quit)
It was a potion of invisibility.
You fade into invisibility!
The orc wizard barely misses you. The orc hits you with a hand axe.
You die...

...# .... ...#
...#
.##########...#
.......(.!....#
.........o...#
#.@o...#
##.######
###...###
#.......#
#.#...#.#
#.##.##.# .
#.##.# # #.##.#
#####.##.###


You could see an orc wizard and an orc.

Vanquished Creatures
  An orc wizard (D:3)
  An adder (D:2)
  2 oozes (D:1)
  A worm (D:2)
  A giant gecko (D:1)
  3 orcs (D:3)
  2 ball pythons (D:1)
  10 bats
  A giant cockroach (D:2)
  9 goblins
  10 hobgoblins
  A quokka (D:2)
  5 giant newts
  9 kobolds
  13 rats
  A plant (D:1)
70 creatures vanquished.

Notes
Turn   | Place    | Note
--------------------------------------------------------------
     0 | D:1      | Geeful the Naga Wizard began the quest for the Orb.
     0 | D:1      | Reached XP level 1. HP: 15/15 MP: 4/4
   421 | D:1      | Reached XP level 2. HP: 7/22 MP: 6/6
  1079 | D:1      | Reached XP level 3. HP: 6/28 MP: 0/7
  1588 | D:1      | Learned a level 3 spell: Mephitic Cloud
  2273 | D:1      | Learned a level 2 spell: Call Imp
  2630 | D:2      | Reached XP level 4. HP: 27/36 MP: 9/9
  2636 | D:2      | Reached skill level 1 in Air Magic
  3662 | D:3      | Reached XP level 5. HP: 38/42 MP: 3/10
  3726 | D:3      | Learned a level 2 spell: Repel Missiles
  3769 | D:3      | HP: 2/42 [orc wizard/dagger (3)]
  3770 | D:3      | Slain by an orc

Vault maps used:
D:1:      roderic_crop_circles_arrival_small, minmay_bisected
D:3:      minmay_misc_feat_diagonals

Action                   |  1- 3 |  4- 6 || total
-------------------------+-------+-------++-------
Melee: Unarmed           |   282 |       ||   282
       Hand axe          |   101 |       ||   101
       War axe           |     5 |    74 ||    79
 Cast: Magic Dart        |    55 |    29 ||    84
       Repel Missiles    |       |     1 ||     1
 Abil: Spit Poison       |    12 |     4 ||    16
  Use: Scroll            |     2 |     2 ||     4
       Potion            |     2 |     1 ||     3
 Stab: Sleeping          |     6 |     1 ||     7
  Eat: Chunk             |     4 |     4 ||     8
